TOP OF THE 1ST |
Salt Lake Bees batting - Pitching for Toledo Mud Hens : RHP Wayne McAllister
|
Pitching: RHP Wayne McAllister
|
|
Batting: LHB Javier Trujillo
|
0-0: Ball 1-0: Ball 2-0: Ball 3-0: Base on Balls
|
Batting: RHB Melvin Gomez
|
0-0: Ball 1-0: Called Strike 1-1: Called Strike 1-2: Ball 2-2: Strikes out swinging
|
Batting: LHB Vinny Carreno
|
0-0: Ball Javier Trujillo steals 2nd, throwing error, E2 Javier Trujillo to third 1-0: Called Strike 1-1: Swinging Strike 1-2: Strikes out looking
|
Batting: RHB Jeff Long
|
0-0: Called Strike 0-1: Ground out 6-3 (Groundball, 6, EV 101.2 MPH)
|
Top of the 1st over - 0 runs, 0 hits, 1 error, 1 left on base; Salt Lake 0 - Toledo 0 |
BOTTOM OF THE 1ST |
Toledo Mud Hens batting - Pitching for Salt Lake Bees : RHP Dave Jackson
|
Pitching: RHP Dave Jackson
|
|
Batting: LHB Jamel Alexander
|
0-0: Swinging Strike 0-1: Foul Ball, location: 2F 0-2: Ball 1-2: Foul Ball, location: 2F 1-2: Ball 2-2: Ball 3-2: Strikes out swinging
|
Batting: LHB Frank McConnell
|
0-0: Bunt missed! 0-1: Ball 1-1: Ball 2-1: Ball 3-1: Swinging Strike 3-2: Foul Ball, location: 2F 3-2: Foul Ball, location: 2F 3-2: Foul Ball, location: 2F 3-2: Base on Balls
|
Batting: LHB Conrad Taylor
|
0-0: Ball 1-0: Ground out 4-3 (Groundball, 4, EV 84.4 MPH) Frank McConnell to second
|
Batting: RHB Steve Clark
|
0-0: Ball 1-0: Swinging Strike 1-1: Ball 2-1: Ball 3-1: Called Strike 3-2: Foul Ball, location: 2F 3-2: Ground out 6-3 (Groundball, 6, EV 103.8 MPH)
|
Bottom of the 1st over - 0 runs, 0 hits, 0 errors, 1 left on base; Salt Lake 0 - Toledo 0 |
TOP OF THE 2ND |
Salt Lake Bees batting - Pitching for Toledo Mud Hens : RHP Wayne McAllister
|
Batting: RHB Guillermo Mojica
|
0-0: Called Strike 0-1: Ground out 6-3 (Groundball, 4M, EV 82.5 MPH)
|
Batting: LHB Matt Calitri
|
0-0: Called Strike 0-1: Swinging Strike 0-2: Ball 1-2: Foul Ball, location: 2F 1-2: Strikes out looking
|
Batting: SHB Brendan Bundy
|
0-0: Called Strike 0-1: Ball 1-1: Ball 2-1: Called Strike 2-2: Ground out 6-3 (Groundball, 56, EV 89.4 MPH)
|
Top of the 2nd over - 0 runs, 0 hits, 0 errors, 0 left on base; Salt Lake 0 - Toledo 0 |
BOTTOM OF THE 2ND |
Toledo Mud Hens batting - Pitching for Salt Lake Bees : RHP Dave Jackson
|
Batting: RHB Tim Borden
|
0-0: Swinging Strike 0-1: Swinging Strike 0-2: Ball 1-2: Foul Ball, location: 2F 1-2: Ball 2-2: Foul Ball, location: 2F 2-2: Strikes out swinging
|
Batting: RHB Zach Koblinski
|
0-0: Ball 1-0: Ball 2-0: Ground out 3-1 (Groundball, 13, EV 83.8 MPH)
|
Batting: RHB Paul Wood
|
0-0: Called Strike 0-1: Ball 1-1: Foul Ball, location: 2F 1-2: Ground out 6-3 (Groundball, P, EV 83.1 MPH)
|
Bottom of the 2nd over - 0 runs, 0 hits, 0 errors, 0 left on base; Salt Lake 0 - Toledo 0 |
TOP OF THE 3RD |
Salt Lake Bees batting - Pitching for Toledo Mud Hens : RHP Wayne McAllister
|
Batting: RHB Juan Rosa
|
0-0: Called Strike 0-1: Ball 1-1: Ball 2-1: Swinging Strike 2-2: Foul Ball, location: 2F 2-2: Ball 3-2: Foul Ball, location: 2F 3-2: Base on Balls
|
Batting: RHB Justin Noll
|
0-0: Ball 1-0: Ball 2-0: Ball 3-0: Foul Ball, location: 2F 3-1: Foul Ball, location: 2F 3-2: Strikes out swinging
|
Batting: LHB Javier Trujillo
|
0-0: Called Strike 0-1: Swinging Strike 0-2: Strikes out swinging
|
Batting: RHB Melvin Gomez
|
0-0: Ball 1-0: Swinging Strike 1-1: Ball 2-1: Called Strike 2-2: Foul Ball, location: 2F 2-2: Foul Ball, location: 2F 2-2: SINGLE (Flyball, 34D, EV 94.4 MPH) Juan Rosa to second Runner from 2nd tries for 3rd, SAFE, throw by RF made to third
|
Batting: LHB Vinny Carreno
|
0-0: Ball Melvin Gomez is caught stealing 2nd base 2-6
|
Top of the 3rd over - 0 runs, 1 hit, 0 errors, 1 left on base; Salt Lake 0 - Toledo 0 |
BOTTOM OF THE 3RD |
Toledo Mud Hens batting - Pitching for Salt Lake Bees : RHP Dave Jackson
|
Batting: RHB Casey Knutson
|
0-0: Ball 1-0: Ball 2-0: SINGLE (Line Drive, 56, EV 98.8 MPH)
|
Batting: RHB Josh Stinnett
|
0-0: Foul Ball, location: 2F 0-1: Grounds into double play, 3-6-3 (Groundball, 3S, EV 81.2 MPH)
|
Batting: LHB Jamel Alexander
|
0-0: Called Strike 0-1: Ball 1-1: Foul Ball, location: 2F 1-2: Foul Ball, location: 2F 1-2: Strikes out swinging
|
Bottom of the 3rd over - 0 runs, 1 hit, 0 errors, 0 left on base; Salt Lake 0 - Toledo 0 |
TOP OF THE 4TH |
Salt Lake Bees batting - Pitching for Toledo Mud Hens : RHP Wayne McAllister
|
Batting: LHB Vinny Carreno
|
0-0: Ball 1-0: Ball 2-0: Ball 3-0: Base on Balls
|
Batting: RHB Jeff Long
|
0-0: Grounds into double play, 4-6-3 (Groundball, 4M, EV 97.5 MPH)
|
Batting: RHB Guillermo Mojica
|
0-0: Called Strike 0-1: Ball 1-1: Ball 2-1: Ball 3-1: Fly out, F7 (Flyball, 78D, EV 87.5 MPH)
|
Top of the 4th over - 0 runs, 0 hits, 0 errors, 0 left on base; Salt Lake 0 - Toledo 0 |
BOTTOM OF THE 4TH |
Toledo Mud Hens batting - Pitching for Salt Lake Bees : RHP Dave Jackson
|
Batting: LHB Frank McConnell
|
0-0: Ball 1-0: Ball 2-0: Called Strike 2-1: Ball 3-1: SINGLE (Groundball, 4M, EV 101.2 MPH)
|
Batting: LHB Conrad Taylor
|
0-0: Ball Frank McConnell steals 2nd base 1-0: Foul Ball, location: 2F 1-1: Ball 2-1: Ground out 6-3 (Groundball, 4M, EV 108.8 MPH) Frank McConnell to third
|
Batting: RHB Steve Clark
|
0-0: Ground out 6-3 (Groundball, 6, EV 86.2 MPH) Frank McConnell scores
|
Batting: RHB Tim Borden
|
0-0: Fly out, F5 (Popup, 56S, EV 67.5 MPH)
|
Bottom of the 4th over - 1 run, 1 hit, 0 errors, 0 left on base; Salt Lake 0 - Toledo 1 |
TOP OF THE 5TH |
Salt Lake Bees batting - Pitching for Toledo Mud Hens : RHP Wayne McAllister
|
Batting: LHB Matt Calitri
|
0-0: Ball 1-0: Ball 2-0: Called Strike 2-1: Swinging Strike 2-2: Strikes out swinging
|
Batting: SHB Brendan Bundy
|
0-0: Ball 1-0: Ball 2-0: Called Strike 2-1: Ball 3-1: Foul Ball, location: 2F 3-2: Base on Balls
|
Batting: RHB Juan Rosa
|
0-0: Ball 1-0: Foul Ball, location: 2F 1-1: Ball 2-1: Ball 3-1: Base on Balls Brendan Bundy to second
|
Batting: RHB Justin Noll
|
0-0: Foul Ball, location: 2F 0-1: Ball 1-1: Swinging Strike 1-2: Strikes out looking
|
Batting: LHB Javier Trujillo
|
0-0: Called Strike 0-1: Ball 1-1: SINGLE (Groundball, 6MD, EV 99.4 MPH) Brendan Bundy to third Juan Rosa to second Runner from 3rd tries for Home, SAFE, throw by CF to home
|
Batting: RHB Melvin Gomez
|
0-0: Ball 1-0: Foul Ball, location: 2F 1-1: Ball 2-1: Swinging Strike 2-2: Ball 3-2: Foul Ball, location: 2F 3-2: Fly out, F8 (Flyball, 8LD, EV 84.4 MPH)
|
Top of the 5th over - 1 run, 1 hit, 0 errors, 2 left on base; Salt Lake 1 - Toledo 1 |
BOTTOM OF THE 5TH |
Toledo Mud Hens batting - Pitching for Salt Lake Bees : RHP Dave Jackson
|
Batting: RHB Zach Koblinski
|
0-0: Ball 1-0: Ball 2-0: Ground out 5-3 (Groundball, 56S, EV 80.0 MPH)
|
Batting: RHB Paul Wood
|
0-0: Ball 1-0: Ball 2-0: Ball 3-0: Called Strike 3-1: Base on Balls
|
Batting: RHB Casey Knutson
|
0-0: Ball 1-0: Called Strike 1-1: SINGLE (Flyball, 34D, EV 88.1 MPH) Paul Wood to second
|
Batting: RHB Josh Stinnett
|
0-0: Ball 1-0: Swinging Strike 1-1: Foul Ball, location: 2F 1-2: SINGLE (Groundball, 34D, EV 95.0 MPH) Paul Wood to third Casey Knutson to second Runner from 3rd tries for Home, SAFE, throw by RF to home
|
Batting: LHB Jamel Alexander
|
0-0: Ball 1-0: Foul Ball, location: 2F 1-1: Ball 2-1: Foul Ball, location: 2F 2-2: Ball 3-2: Base on Balls Casey Knutson to third Josh Stinnett to second
|
Batting: LHB Frank McConnell
|
0-0: Foul Ball, location: 2F 0-1: Called Strike 0-2: Foul Ball, location: 2F 0-2: Foul Ball, location: 2F 0-2: Ball 1-2: Ball 2-2: Ball 3-2: Reached on error, E3 (Groundball, 34S, EV 84.4 MPH) Casey Knutson scores Josh Stinnett to third Jamel Alexander to second
|
Batting: LHB Conrad Taylor
|
0-0: Called Strike 0-1: Foul Ball, location: 2F 0-2: Grounds into double play, 6-4-3 (Groundball, 6, EV 110.0 MPH)
|
Bottom of the 5th over - 2 runs, 2 hits, 1 error, 2 left on base; Salt Lake 1 - Toledo 3 |
TOP OF THE 6TH |
Salt Lake Bees batting - Pitching for Toledo Mud Hens : RHP Wayne McAllister
|
Batting: LHB Vinny Carreno
|
0-0: Called Strike 0-1: Ball 1-1: Foul Ball, location: 2F 1-2: Ground out U3 (Groundball, 3L, EV 104.4 MPH)
|
Batting: RHB Jeff Long
|
0-0: Ground out 5-3 (Groundball, 56, EV 85.6 MPH)
|
Batting: RHB Guillermo Mojica
|
0-0: Ball 1-0: Ground out 6-3 (Groundball, 6, EV 83.1 MPH)
|
Top of the 6th over - 0 runs, 0 hits, 0 errors, 0 left on base; Salt Lake 1 - Toledo 3 |
BOTTOM OF THE 6TH |
Toledo Mud Hens batting - Pitching for Salt Lake Bees : RHP Dave Jackson
|
Batting: RHB Steve Clark
|
0-0: Fly out, F8 (Flyball, 8RM, EV 89.4 MPH)
|
Batting: RHB Tim Borden
|
0-0: Ball 1-0: Called Strike 1-1: SINGLE (Line Drive, 7S, EV 105.6 MPH)
|
Pitching: RHP Jose Alvarado
|
|
Batting: RHB Zach Koblinski
|
0-0: Ball 1-0: Ball 2-0: Ball 3-0: Fielders Choice at 2nd, 5-4 (Groundball, 5S, EV 85.6 MPH)
|
Batting: RHB Paul Wood
|
0-0: Ball 1-0: Fly out, F7 (Flyball, 7D, EV 84.4 MPH)
|
Bottom of the 6th over - 0 runs, 1 hit, 0 errors, 1 left on base; Salt Lake 1 - Toledo 3 |
TOP OF THE 7TH |
Salt Lake Bees batting - Pitching for Toledo Mud Hens : RHP Wayne McAllister
|
Batting: LHB Matt Calitri
|
0-0: Called Strike 0-1: Ball 1-1: Swinging Strike 1-2: Foul Ball, location: 2F 1-2: Strikes out swinging
|
Pitching: RHP Isma'il bin Burhan
|
|
Batting: SHB Brendan Bundy
|
0-0: Called Strike 0-1: Called Strike 0-2: Foul Ball, location: 2F 0-2: SOLO HOME RUN (Flyball, 9LD, EV 95.0 MPH), Distance : 336 ft
|
Batting: RHB Juan Rosa
|
0-0: Called Strike 0-1: Foul Ball, location: 2F 0-2: Strikes out looking
|
Batting: RHB Justin Noll
|
0-0: Swinging Strike 0-1: Swinging Strike 0-2: Strikes out looking
|
Top of the 7th over - 1 run, 1 hit, 0 errors, 0 left on base; Salt Lake 2 - Toledo 3 |
BOTTOM OF THE 7TH |
Toledo Mud Hens batting - Pitching for Salt Lake Bees : RHP Jose Alvarado
|
Batting: RHB Casey Knutson
|
0-0: Fly out, F4 (Popup, 4, EV 51.2 MPH)
|
Batting: RHB Josh Stinnett
|
0-0: Called Strike 0-1: Swinging Strike 0-2: Ball 1-2: Ball 2-2: Strikes out swinging
|
Batting: LHB Jamel Alexander
|
0-0: Ball 1-0: Called Strike 1-1: Ball 2-1: Foul Ball, location: 2F 2-2: Ball 3-2: Base on Balls
|
Batting: LHB Frank McConnell
|
0-0: Ball Wild Pitch! Jamel Alexander to second 1-0: Ball Jamel Alexander steals 3rd base 2-0: Foul Ball, location: 2F 2-1: Foul Ball, location: 2F 2-2: Ball 3-2: SINGLE (Line Drive, 34D, EV 98.8 MPH) Jamel Alexander scores
|
Batting: LHB Conrad Taylor
|
0-0: Called Strike 0-1: Ball 1-1: Ball Frank McConnell steals 2nd, throwing error, E2 Frank McConnell to third 2-1: Ball 3-1: Ground out 4-3 (Groundball, 34, EV 95.6 MPH)
|
Bottom of the 7th over - 1 run, 1 hit, 1 error, 1 left on base; Salt Lake 2 - Toledo 4 |
TOP OF THE 8TH |
Salt Lake Bees batting - Pitching for Toledo Mud Hens : RHP Isma'il bin Burhan
|
Pitching: LHP Matt Granados
|
|
Batting: LHB Javier Trujillo
|
0-0: Called Strike 0-1: Ball 1-1: Reached on error, E2 (Groundball, 2R, EV 60.0 MPH)
|
Batting: RHB Melvin Gomez
|
0-0: Called Strike 0-1: Swinging Strike 0-2: Ball 1-2: Ball 2-2: Fielders Choice at 2nd, 6-4 (Groundball, 6S, EV 86.9 MPH)
|
Pinch Hitting: RHB Andres Mendiola
|
0-0: Ball 1-0: Ball 2-0: Foul Ball, location: 2F 2-1: Ball 3-1: Called Strike 3-2: Strikes out swinging
|
Batting: RHB Jeff Long
|
0-0: Called Strike 0-1: Ball 1-1: Foul Ball, location: 2F 1-2: Fly out, F4 (Line Drive, 4M, EV 91.2 MPH)
|
Top of the 8th over - 0 runs, 0 hits, 1 error, 1 left on base; Salt Lake 2 - Toledo 4 |
BOTTOM OF THE 8TH |
Toledo Mud Hens batting - Pitching for Salt Lake Bees : RHP Jose Alvarado
|
Pitching: RHP Bartholomeu Voivodic
|
|
Now in RF: Andres Mendiola
|
|
Batting: RHB Steve Clark
|
0-0: Ball 1-0: Ball 2-0: Ground out 6-3 (Groundball, 56, EV 103.8 MPH)
|
Batting: RHB Tim Borden
|
0-0: Called Strike 0-1: Foul Ball, location: 2F 0-2: Foul Ball, location: 2F 0-2: Foul Ball, location: 2F 0-2: Fly out, F6 (Line Drive, 6, EV 65.0 MPH)
|
Batting: RHB Zach Koblinski
|
0-0: Ball 1-0: SINGLE (Groundball, 56D, EV 105.0 MPH)
|
Batting: RHB Paul Wood
|
0-0: Ball 1-0: Ball 2-0: Ball 3-0: Called Strike 3-1: Foul Ball, location: 2F 3-2: Strikes out swinging
|
Bottom of the 8th over - 0 runs, 1 hit, 0 errors, 1 left on base; Salt Lake 2 - Toledo 4 |
TOP OF THE 9TH |
Salt Lake Bees batting - Pitching for Toledo Mud Hens : LHP Matt Granados
|
Pitching: RHP Mike Kirk
|
|
Batting: RHB Guillermo Mojica
|
0-0: Ball 1-0: Fly out, F9 (Flyball, 9, EV 90.6 MPH)
|
Batting: LHB Matt Calitri
|
0-0: Called Strike 0-1: Ball 1-1: Ball 2-1: Foul Ball, location: 2F 2-2: Strikes out swinging
|
Batting: SHB Brendan Bundy
|
0-0: Ball 1-0: SINGLE (Groundball, 4M, EV 103.1 MPH) (infield hit)
|
Batting: RHB Juan Rosa
|
0-0: Called Strike 0-1: 2-RUN HOME RUN (Flyball, 78XD, EV 108.8 MPH), Distance : 429 ft
|
Batting: RHB Justin Noll
|
0-0: Ball 1-0: SINGLE (Groundball, 6MD, EV 103.8 MPH)
|
Batting: LHB Javier Trujillo
|
0-0: Ball 1-0: Called Strike 1-1: SINGLE (Groundball, 6MD, EV 101.9 MPH) Justin Noll to second
|
Batting: RHB Melvin Gomez
|
0-0: Ball 1-0: Foul Ball, location: 2F 1-1: SINGLE (Line Drive, 56D, EV 95.6 MPH) Justin Noll to third Javier Trujillo to second
|
Batting: RHB Andres Mendiola
|
0-0: Foul Ball, location: 2F 0-1: Ball 1-1: Ball 2-1: Ball 3-1: Foul Ball, location: 2F 3-2: Foul Ball, location: 2F 3-2: Ground out 6-3 (Groundball, 6, EV 99.4 MPH)
|
Top of the 9th over - 2 runs, 5 hits, 0 errors, 3 left on base; Salt Lake 4 - Toledo 4 |
BOTTOM OF THE 9TH |
Toledo Mud Hens batting - Pitching for Salt Lake Bees : RHP Bartholomeu Voivodic
|
Pinch Hitting: SHB Jamie Roberts
|
0-0: SINGLE (Line Drive, 8RS, EV 106.2 MPH)
|
Batting: RHB Josh Stinnett
|
0-0: Sac Bunt to 5S - play at first, batter OUT! 5-4 Jamie Roberts to second
|
Batting: LHB Jamel Alexander
|
0-0: Ball Jamie Roberts is caught stealing 3rd base 2-5 1-0: Ball 2-0: Called Strike 2-1: Ball 3-1: Ground out 6-3 (Groundball, 6S, EV 65.0 MPH)
|
Bottom of the 9th over - 0 runs, 1 hit, 0 errors, 0 left on base; Salt Lake 4 - Toledo 4 |
TOP OF THE 10TH |
Salt Lake Bees batting - Pitching for Toledo Mud Hens : RHP Mike Kirk
|
Now at 2B: Jamie Roberts
|
|
Now at 3B: Frank McConnell
|
|
Batting: RHB Jeff Long
|
0-0: Called Strike 0-1: Ball 1-1: Ball 2-1: Ground out U3 (Groundball, 34, EV 86.2 MPH)
|
Batting: RHB Guillermo Mojica
|
0-0: Called Strike 0-1: Ground out 6-3 (Groundball, 6, EV 93.1 MPH)
|
Batting: LHB Matt Calitri
|
0-0: Ball 1-0: Ground out 1-3 (Groundball, 25, EV 72.5 MPH)
|
Top of the 10th over - 0 runs, 0 hits, 0 errors, 0 left on base; Salt Lake 4 - Toledo 4 |
BOTTOM OF THE 10TH |
Toledo Mud Hens batting - Pitching for Salt Lake Bees : RHP Bartholomeu Voivodic
|
Pitching: RHP Dave Thomas
|
|
Batting: LHB Frank McConnell
|
0-0: Ball 1-0: Swinging Strike 1-1: Fly out, F4 (Line Drive, 4, EV 69.4 MPH)
|
Batting: LHB Conrad Taylor
|
0-0: Ball 1-0: Foul Ball, location: 2F 1-1: Ball 2-1: Ball 3-1: Base on Balls
|
Pinch Hitting: LHB Andy Schumacher
|
0-0: Ball Conrad Taylor steals 2nd base 1-0: Intentional Walk
|
Batting: RHB Tim Borden
|
0-0: Foul Ball, location: 2F 0-1: Foul Ball, location: 2F 0-2: SINGLE (Groundball, 34D, EV 95.6 MPH) Conrad Taylor to third Andy Schumacher to second
|
Batting: RHB Zach Koblinski
|
0-0: Fly out, F7 (Flyball, 7D, EV 109.4 MPH)
|
Batting: RHB Paul Wood
|
0-0: Swinging Strike 0-1: Swinging Strike 0-2: Ball 1-2: Ball 2-2: Strikes out swinging
|
Bottom of the 10th over - 0 runs, 1 hit, 0 errors, 3 left on base; Salt Lake 4 - Toledo 4 |
TOP OF THE 11TH |
Salt Lake Bees batting - Pitching for Toledo Mud Hens : RHP Mike Kirk
|
Now in LF: Ken DiFerdinando
|
|
Batting: SHB Brendan Bundy
|
0-0: Called Strike 0-1: Ball 1-1: Foul Ball, location: 2F 1-2: Strikes out looking
|
Pitching: RHP Ken Howington
|
|
Batting: RHB Juan Rosa
|
0-0: Foul Ball, location: 2F 0-1: Foul Ball, location: 2F 0-2: Fly out, F8 (Line Drive, 8RM, EV 86.9 MPH)
|
Batting: RHB Justin Noll
|
0-0: Swinging Strike 0-1: Ball 1-1: Ball 2-1: Ground out 4-3 (Groundball, 4, EV 81.9 MPH)
|
Top of the 11th over - 0 runs, 0 hits, 0 errors, 0 left on base; Salt Lake 4 - Toledo 4 |
BOTTOM OF THE 11TH |
Toledo Mud Hens batting - Pitching for Salt Lake Bees : RHP Dave Thomas
|
Pitching: RHP Jake Bruen
|
|
Batting: SHB Jamie Roberts
|
0-0: SOLO HOME RUN (Flyball, 9D, EV 92.5 MPH), Distance : 363 ft
|
Bottom of the 11th over - 1 run, 1 hit, 0 errors, 0 left on base; Salt Lake 4 - Toledo 5 |
|
Game Over ... Toledo defeats Salt Lake, 5 to 4
|
|
|